 Dungeon Crawl Stone Soup version 0.30-a0-170-g85af917532 (webtiles) character file.

Game seed: 2588210948696529406

3642 qw the Cleaver (level 10, -2/63 HPs)
             Began as a Gargoyle Fighter on Sept 30, 2022.
             Slain by Grum
             ... wielding a -1 spear of distortion
              (21 damage)
             ... on level 8 of the Dungeon.
             The game lasted 00:02:57 (8306 turns).

qw the Cleaver (Gargoyle Fighter)                   Turns: 8306, Time: 00:02:57

Health: -2/63      AC: 27    Str: 19 (20) XL:     10   Next: 12%
Magic:  0/10       EV:  6    Int: 16      God:
Gold:   435        SH:  5    Dex: 14      Spells: 9/9 levels left

rFire   + . .      SeeInvis .    e - +0 broad axe
rCold   + . .      Faith    .    c - +0 buckler
rNeg    + . .      Spirit   +    u - +0 plate armour
rPois   inf        Reflect  .    g - +0 helmet
rElec   +          Harm     .    (no cloak)
rCorr   .          Rampage  .    k - +0 pair of gloves
Will    .....                    b - +1 pair of boots of Misanthropy {Str-3 Int+4 Dex+7}
Stlth   ..........               q - amulet of guardian spirit
HPRegen 0.20/turn                j - ring of Qurchyja {rF+ rC+ Int+2}
MPRegen 0.12/turn                (no ring)

@: no status effects
A: sickness immunity, AC +7, negative energy resistance 1, electricity
resistance, torment resistance 1, petrification resistance, iridescent scales 1,
clumsy 1, deterioration 1
a: no special abilities


You were on level 8 of the Dungeon.
You visited 2 branches of the dungeon, and saw 9 of its levels.

You collected 435 gold pieces.


Innate Abilities, Weirdness & Mutations

You are immune to sickness and miasma.
Your stone body is resilient. (AC +7)
You are immune to poison.
You resist negative energy. (rN+)
You are resistant to electric shocks. (rElec)
You are resistant to unholy torment.
You are immune to petrification.
You are partially covered in iridescent scales. (AC +2)
You are clumsy. (Dex -2)
Your body sometimes deteriorates upon taking damage.


   Skills:
 + Level 7.0 Fighting
 - Level 10.0 Axes
 - Level 2.3 Throwing
 - Level 7.1 Armour
 - Level 1.6 Dodging
 - Level 4.5 Shields


You had 9 spell levels left.
You didn't know any spells.
Your spell library was empty.

Inventory:

Hand Weapons
 e - a +0 broad axe (weapon)
 s - a +3 morningstar
Missiles
 p - 7 silver boomerangs (quivered)
Armour
 b - the +1 pair of boots of Misanthropy (worn) {Str-3 Int+4 Dex+7}
   (You found it on level 2 of the Dungeon)

   Str:       It affects your strength (-3).
   Int:       It affects your intelligence (+4).
   Dex:       It affects your dexterity (+7).
 c - a +0 buckler (worn)
 g - a +0 helmet (worn)
 k - a +0 pair of gloves (worn)
 u - a +0 plate armour (worn)
Jewellery
 j - the ring of Qurchyja (left hand) {rF+ rC+ Int+2}
   (You acquired it on level 6 of the Dungeon)

   [ring of protection from fire]

   Int:       It affects your intelligence (+2).
   rF:        It protects you from fire.
   rC:        It protects you from cold.
 o - a ring of ice
 q - an amulet of guardian spirit (around neck)
Scrolls
 a - 4 scrolls of identify
Potions
 d - 6 potions of might
 h - 3 potions of attraction
 i - a potion of mutation
 l - a potion of resistance
 m - 3 potions of lignification
 n - 2 potions of heal wounds
 r - 3 potions of curing

Dungeon Overview and Level Annotations

Branches:
Dungeon (8/15)             Temple (1/1) D:5
   Lair: D:8-11

Altars:
Ashenzari
Cheibriados
Dithmenos
Elyvilon
Fedhas
Hepliaklqana
Kikubaaqudgha
Makhleb
Nemelex Xobeh
Qazlal
Ru
Sif Muna
Trog
Uskayaw
Vehumet
Yredelemnul
The Shining One

Annotations:
D:4 1 runed translucent door, Crazy Yiuf
D:8 Grum


Message History

The kobold brigand is engulfed in a cloud of scalding steam.
The kobold brigand hits you but does no damage.
You block Grum's attack.
You hit the kobold brigand.
The kobold brigand is severely wounded.
You barely miss the steam dragon. You slash the kobold!
You kill the kobold!
The steam dragon bites you but does no damage.
The steam dragon barely misses you.
The kobold brigand hits you but does no damage.
Grum hits you but does no damage. Space warps horribly around you!!
Your body deteriorates!
You feel weakened.
8303 ||| DRINKING 4 potions of heal wounds.
You feel much better.
The steam dragon bites you but does no damage.
The steam dragon barely misses you.
The kobold brigand hits you but does no damage.
You block Grum's attack.
You closely miss the kobold brigand.
The kobold brigand is severely wounded.
You slash the steam dragon!
The steam dragon bites you but does no damage.
The steam dragon barely misses you.
The kobold brigand hits you but does no damage.
Grum hits you but does no damage. Space warps horribly around you!
8305 ||| DRINKING 3 potions of heal wounds.
You feel much better. The steam dragon breathes steam at you.
The ball of steam hits you. You resist.
The kobold brigand hits you but does no damage.
You block Grum's attack.
You miss the kobold brigand.
The kobold brigand is severely wounded.
You hit the steam dragon.
The steam dragon bites you but does no damage.
The steam dragon claws you but does no damage.
The kobold brigand hits you with a +0 short sword.
Grum hits you from afar with a -1 spear of distortion!
Space warps horribly around you!!
You die...

###########.#
#####...)@.......
#....!.(KD.......
###...g........
##).....##.##
#.....## .#
.....## . #.....#
#...... #.....#.


You could see Grum, a steam dragon and a kobold brigand.

Vanquished Creatures
  Maggie (D:8)
  A hornet (D:7)
  2 steam dragons
  A water moccasin (D:8)
  An orc warrior (D:4)
  2 sky beasts (D:6)
  2 black bears
  An ogre (D:7)
  2 centaurs (D:7)
  2 phantoms (D:4)
  2 kobold brigands (D:6)
  Blork the orc (D:4)
  A bullfrog (D:6)
  A scorpion (D:6)
  A necrophage (D:6)
  12 wights (D:7)
  2 howler monkeys (D:7)
  2 orc priests
  6 jellies
  Terence (D:3)
  An iguana (D:5)
  Natasha (thrice) (D:2)
  5 orc wizards
  7 adders
  A white imp (D:7)
  2 ufetubi (D:5)
  4 worms
  A dart slug (D:3)
  14 orcs
  7 bats
  13 endoplasms
  2 giant cockroaches
  6 goblins
  2 hobgoblins
  12 jackals
  26 kobolds
  5 quokkas
  5 ball pythons
  A frilled lizard (D:1)
  4 rats
165 creatures vanquished.

Vanquished Creatures (others)
  3 wolves (D:8)
  7 fungi (D:2)
  10 plants (D:2)
  7 toadstools (D:2)
27 creatures vanquished.

Grand Total: 192 creatures vanquished

Notes
Turn   | Place    | Note
-------+----------+-------------------------------------------
     0 | D:1      | qw the Gargoyle Fighter began the quest for the Orb.
     0 | D:1      | Reached XP level 1. HP: 14/14 MP: 1/1
     0 | D:1      | 0 ||| qw: Version: 0.2-a-12-gaebbb33
     0 | D:1      | 0 ||| qw: Game counter: 1591
     0 | D:1      | 0 ||| qw: Always use a shield: true
     0 | D:1      | 0 ||| qw: God list: Okawaru
     0 | D:1      | 0 ||| qw: Allow faded altars: false
     0 | D:1      | 0 ||| qw: Do Orc after D:15 true
     0 | D:1      | 0 ||| qw: Do second Lair branch before Depths: true
     0 | D:1      | 0 ||| qw: Lair rune preference: random
     0 | D:1      | 0 ||| qw: Plans: Normal, Zot:1-4, God:TSO, Crypt, Tomb,
                  | Pan, Slime:5, Hells, Abyss, Orb
     0 | D:1      | 0 ||| PLANNING D:1-11
    24 | D:1      | Reached skill level 2 in Axes
   296 | D:1      | 296 ||| DROPPING +0 club.
   316 | D:1      | 316 ||| Stepping ~*~*~tactically~*~*~ (stealth).
   317 | D:1      | 317 ||| Stepping ~*~*~tactically~*~*~ (stealth).
   320 | D:1      | 320 ||| Stepping ~*~*~tactically~*~*~ (stealth).
   325 | D:1      | Reached XP level 2. HP: 18/19 MP: 2/2
   647 | D:1      | Found Puerphom's Armour Shoppe.
   651 | D:1      | Reached skill level 3 in Axes
   781 | D:1      | 781 ||| UPGRADING to +0 helmet.
   786 | D:1      | 786 ||| UPGRADING to +0 chain mail.
   796 | D:1      | 796 ||| DROPPING +0 scale mail.
   797 | D:1      | 797 ||| READING 2 scrolls labelled ONINKO BUIZIH.
   798 | D:1      | 798 ||| READING scroll labelled TOHODGHOOSCHO.
   799 | D:1      | 799 ||| READING scroll labelled ERPHEESUNE.
   800 | D:1      | 800 ||| DRINKING 3 clear potions.
   901 | D:1      | 901 ||| DRINKING 2 white potions.
   901 | D:1      | Gained mutation: You are clumsy. (Dex -2) [potion of
                  | mutation]
   901 | D:1      | Gained mutation: Your body sometimes deteriorates upon
                  | taking damage. [potion of mutation]
   901 | D:1      | Gained mutation: You are partially covered in iridescent
                  | scales. (AC +2) [potion of mutation]
   902 | D:1      | 902 ||| DROPPING 2 potions of ambrosia.
   988 | D:2      | 988 ||| STAIRDANCE
   994 | D:1      | Reached XP level 3. HP: 23/23 MP: 3/3
  1031 | D:2      | Noticed Natasha
  1032 | D:2      | 1032 ||| Stepping ~*~*~tactically~*~*~ (hiding).
  1052 | D:2      | Killed Natasha
  1215 | D:2      | Identified the +1 pair of boots of Misanthropy {Str-3 Int+4
                  | Dex+7}
  1271 | D:2      | 1271 ||| Stepping ~*~*~tactically~*~*~ (stealth).
  1275 | D:2      | Reached XP level 4. HP: 28/28 MP: 4/4
  1286 | D:2      | Found a faded altar of an unknown god.
  1395 | D:2      | Reached skill level 4 in Axes
  1514 | D:2      | 1514 ||| Stepping ~*~*~tactically~*~*~ (stealth).
  1658 | D:2      | Reached XP level 5. HP: 26/32 MP: 5/5
  1667 | D:2      | Reached skill level 5 in Axes
  1669 | D:2      | 1669 ||| FLEEEEING.
  1670 | D:2      | 1670 ||| FLEEEEING.
  1671 | D:2      | 1671 ||| FLEEEEING.
  1672 | D:2      | 1672 ||| FLEEEEING.
  1673 | D:2      | 1673 ||| FLEEEEING.
  1674 | D:2      | 1674 ||| FLEEEEING.
  1675 | D:2      | 1675 ||| FLEEEEING.
  1677 | D:2      | 1677 ||| FLEEEEING.
  1678 | D:2      | 1678 ||| FLEEEEING.
  1679 | D:2      | 1679 ||| FLEEEEING.
  1680 | D:2      | 1680 ||| FLEEEEING.
  1681 | D:2      | 1681 ||| FLEEEEING.
  1682 | D:2      | 1682 ||| FLEEEEING.
  1683 | D:2      | 1683 ||| FLEEEEING.
  1684 | D:2      | 1684 ||| FLEEEEING.
  1685 | D:2      | 1685 ||| FLEEEEING.
  1686 | D:2      | 1686 ||| FLEEEEING.
  1687 | D:2      | 1687 ||| FLEEEEING.
  1688 | D:2      | 1688 ||| FLEEEEING.
  1689 | D:2      | 1689 ||| FLEEEEING.
  1690 | D:2      | 1690 ||| FLEEEEING.
  1692 | D:2      | 1692 ||| FLEEEEING.
  1693 | D:2      | 1693 ||| FLEEEEING.
  1694 | D:2      | 1694 ||| FLEEEEING.
  1695 | D:2      | 1695 ||| FLEEEEING.
  1696 | D:2      | 1696 ||| FLEEEEING.
  1697 | D:2      | 1697 ||| FLEEEEING.
  1698 | D:2      | 1698 ||| FLEEEEING.
  1699 | D:2      | 1699 ||| FLEEEEING.
  1700 | D:2      | 1700 ||| FLEEEEING.
  1701 | D:2      | 1701 ||| FLEEEEING.
  1702 | D:2      | 1702 ||| FLEEEEING.
  1703 | D:2      | 1703 ||| FLEEEEING.
  1704 | D:2      | 1704 ||| FLEEEEING.
  1705 | D:2      | 1705 ||| FLEEEEING.
  1706 | D:2      | 1706 ||| FLEEEEING.
  1707 | D:2      | 1707 ||| FLEEEEING.
  1708 | D:2      | 1708 ||| FLEEEEING.
  1709 | D:2      | 1709 ||| FLEEEEING.
  1710 | D:2      | 1710 ||| FLEEEEING.
  1711 | D:2      | 1711 ||| FLEEEEING.
  1712 | D:2      | 1712 ||| FLEEEEING.
  1713 | D:2      | 1713 ||| FLEEEEING.
  1714 | D:2      | 1714 ||| FLEEEEING.
  1715 | D:2      | 1715 ||| FLEEEEING.
  1716 | D:2      | 1716 ||| FLEEEEING.
  1717 | D:2      | 1717 ||| FLEEEEING.
  1718 | D:2      | 1718 ||| FLEEEEING.
  1719 | D:2      | 1719 ||| FLEEEEING.
  1720 | D:2      | 1720 ||| FLEEEEING.
  1721 | D:2      | 1721 ||| FLEEEEING.
  1722 | D:2      | 1722 ||| FLEEEEING.
  1723 | D:2      | 1723 ||| FLEEEEING.
  1724 | D:2      | 1724 ||| FLEEEEING.
  1725 | D:2      | 1725 ||| FLEEEEING.
  1726 | D:2      | 1726 ||| FLEEEEING.
  1727 | D:2      | 1727 ||| FLEEEEING.
  1728 | D:2      | 1728 ||| FLEEEEING.
  1729 | D:2      | 1729 ||| FLEEEEING.
  1730 | D:2      | 1730 ||| FLEEEEING.
  1731 | D:2      | 1731 ||| FLEEEEING.
  1732 | D:2      | 1732 ||| FLEEEEING.
  1733 | D:2      | 1733 ||| FLEEEEING.
  1735 | D:2      | 1735 ||| STAIRDANCE
  1796 | D:1      | 1796 ||| UPGRADING to +1 pair of boots of Misanthropy
                  | {Str-3 Int+4 Dex+7}.
  1801 | D:1      | 1801 ||| READING 3 scrolls of identify.
  1801 | D:1      | 1801 ||| IDENTIFYING murky dark potion
  1802 | D:1      | 1802 ||| READING 2 scrolls of identify.
  1802 | D:1      | 1802 ||| IDENTIFYING metallic pink potion
  1808 | D:2      | 1808 ||| STAIRDANCE
  1959 | D:2      | Noticed Natasha
  1960 | D:2      | 1960 ||| Stepping ~*~*~tactically~*~*~ (hiding).
  1962 | D:2      | 1962 ||| Stepping ~*~*~tactically~*~*~ (hiding).
  1973 | D:2      | Killed Natasha
  1974 | D:2      | Reached skill level 1 in Throwing
  2236 | D:2      | Noticed Natasha
  2242 | D:2      | Killed Natasha
  2243 | D:2      | Reached skill level 1 in Dodging
  2243 | D:2      | Reached XP level 6. HP: 28/37 MP: 6/6
  2427 | D:2      | 2427 ||| READING scroll labelled SUOPTO YMEARE.
  2428 | D:2      | 2428 ||| READING scroll labelled QIULIBBOTRAU.
  2429 | D:2      | 2429 ||| DRINKING 3 metallic yellow potions.
  2511 | D:3      | 2511 ||| DRINKING 2 potions of curing.
  2511 | D:3      | 2511 ||| (to cure confusion)
  2520 | D:3      | 2520 ||| DRINKING potion of curing.
  2520 | D:3      | 2520 ||| (to cure confusion)
  2741 | D:3      | 2741 ||| Stepping ~*~*~tactically~*~*~ (hiding).
  2742 | D:3      | 2742 ||| Stepping ~*~*~tactically~*~*~ (hiding).
  2774 | D:3      | 2774 ||| FLEEEEING.
  2775 | D:3      | 2775 ||| FLEEEEING.
  2776 | D:3      | 2776 ||| FLEEEEING.
  2777 | D:3      | 2777 ||| FLEEEEING.
  2778 | D:3      | 2778 ||| FLEEEEING.
  2779 | D:3      | 2779 ||| FLEEEEING.
  2780 | D:3      | 2780 ||| FLEEEEING.
  2781 | D:3      | 2781 ||| FLEEEEING.
  2782 | D:3      | 2782 ||| FLEEEEING.
  2783 | D:3      | 2783 ||| FLEEEEING.
  2784 | D:3      | 2784 ||| FLEEEEING.
  2785 | D:3      | 2785 ||| FLEEEEING.
  2786 | D:3      | 2786 ||| FLEEEEING.
  2787 | D:3      | 2787 ||| FLEEEEING.
  2788 | D:3      | 2788 ||| FLEEEEING.
  2789 | D:3      | 2789 ||| FLEEEEING.
  2790 | D:3      | 2790 ||| FLEEEEING.
  2791 | D:3      | 2791 ||| FLEEEEING.
  2792 | D:3      | 2792 ||| FLEEEEING.
  2793 | D:3      | 2793 ||| FLEEEEING.
  2794 | D:3      | 2794 ||| FLEEEEING.
  2795 | D:3      | 2795 ||| FLEEEEING.
  2796 | D:3      | 2796 ||| FLEEEEING.
  2797 | D:3      | 2797 ||| FLEEEEING.
  2798 | D:3      | 2798 ||| FLEEEEING.
  2799 | D:3      | 2799 ||| FLEEEEING.
  2800 | D:3      | 2800 ||| FLEEEEING.
  2801 | D:3      | 2801 ||| FLEEEEING.
  2802 | D:3      | 2802 ||| FLEEEEING.
  2803 | D:3      | 2803 ||| FLEEEEING.
  2804 | D:3      | 2804 ||| FLEEEEING.
  2805 | D:3      | 2805 ||| FLEEEEING.
  2806 | D:3      | 2806 ||| STAIRDANCE
  2843 | D:2      | 2843 ||| READING 2 scrolls of identify.
  2843 | D:2      | 2843 ||| IDENTIFYING yellow potion
  2844 | D:2      | 2844 ||| DROPPING potion of berserk rage.
  2911 | D:3      | 2911 ||| DROPPING +0 whip.
  2936 | D:3      | 2936 ||| Stepping ~*~*~tactically~*~*~ (stealth).
  2937 | D:3      | 2937 ||| Stepping ~*~*~tactically~*~*~ (stealth).
  3020 | D:3      | Noticed Terence
  3030 | D:3      | 3030 ||| Stepping ~*~*~tactically~*~*~ (hiding).
  3037 | D:3      | Killed Terence
  3474 | D:4      | Noticed Blork the orc
  3475 | D:4      | 3475 ||| Stepping ~*~*~tactically~*~*~ (hiding).
  3477 | D:4      | 3477 ||| Stepping ~*~*~tactically~*~*~ (hiding).
  3491 | D:4      | Killed Blork the orc
  3492 | D:4      | Reached skill level 6 in Axes
  3492 | D:4      | Reached XP level 7. HP: 22/43 MP: 7/7
  3517 | D:4      | 3517 ||| FLEEEEING.
  3519 | D:4      | 3519 ||| FLEEEEING.
  3646 | D:4      | Found a runed translucent door.
  3647 | D:4      | Noticed Crazy Yiuf
  3697 | D:4      | 3697 ||| Stepping ~*~*~tactically~*~*~ (stealth).
  3698 | D:4      | 3698 ||| Stepping ~*~*~tactically~*~*~ (stealth).
  3882 | D:4      | 3882 ||| Stepping ~*~*~tactically~*~*~ (stealth).
  3887 | D:4      | 3887 ||| Stepping ~*~*~tactically~*~*~ (stealth).
  3895 | D:4      | 3895 ||| Stepping ~*~*~tactically~*~*~ (stealth).
  3898 | D:4      | 3898 ||| Stepping ~*~*~tactically~*~*~ (stealth).
  3899 | D:4      | 3899 ||| Stepping ~*~*~tactically~*~*~ (stealth).
  3901 | D:4      | 3901 ||| Stepping ~*~*~tactically~*~*~ (stealth).
  3905 | D:4      | 3905 ||| Stepping ~*~*~tactically~*~*~ (stealth).
  3909 | D:4      | Reached skill level 7 in Axes
  3969 | D:4      | 3969 ||| Stepping ~*~*~tactically~*~*~ (hiding).
  4177 | D:4      | Found a bloodstained altar of Trog.
  4185 | D:4      | 4185 ||| SWAPPING to +0 antimagic war axe.
  4186 | D:4      | 4186 ||| DROPPING +0 war axe.
  4200 | D:4      | Found a shimmering blue altar of Sif Muna.
  4508 | D:4      | Found a broken altar of Ashenzari.
  4806 | D:4      | 4806 ||| UPGRADING to +0 plate armour.
  4816 | D:4      | 4816 ||| DROPPING +0 chain mail.
  4817 | D:4      | 4817 ||| DROPPING amulet of faith.
  4818 | D:4      | 4818 ||| DROPPING ring of wizardry.
  4819 | D:4      | 4819 ||| READING scroll labelled ROETHAIFOS.
  4820 | D:4      | 4820 ||| READING scroll labelled XOUMIE JYRYPHO.
  4821 | D:4      | 4821 ||| READING scroll labelled LEWOID AZOT.
  4922 | D:4      | 4922 ||| READING scroll labelled IRPHEK YNURR.
  4923 | D:4      | 4923 ||| DRINKING 3 blue potions.
  4924 | D:4      | 4924 ||| DRINKING 3 coppery potions.
  4925 | D:4      | 4925 ||| DROPPING 2 potions of flight.
  4966 | D:5      | Entered Level 5 of the Dungeon
  4989 | D:5      | Found a stormy altar of Qazlal.
  5019 | D:5      | Reached XP level 8. HP: 45/49 MP: 2/8
  5066 | D:5      | 5066 ||| READING scroll of enchant weapon.
  5066 | D:5      | 5066 ||| ENCHANTING +1 antimagic war axe.
  5095 | D:5      | Found a glowing golden altar of the Shining One.
  5236 | D:5      | Found a staircase to the Ecumenical Temple.
  5237 | D:5      | 5237 ||| PLANNING TEMPLE
  5237 | D:5      | 5237 ||| READING scroll labelled VIRRETIPLE.
  5242 | D:5      | 5242 ||| READING 3 scrolls of identify.
  5242 | D:5      | 5242 ||| IDENTIFYING bubbling cyan potion
  5243 | D:5      | 5243 ||| DROPPING potion of invisibility.
  5275 | Temple   | Entered the Ecumenical Temple
  5372 | Temple   | 5372 ||| PLANNING D:1-11
  5605 | D:6      | 5605 ||| Stepping ~*~*~tactically~*~*~ (stealth).
  5610 | D:6      | 5610 ||| Stepping ~*~*~tactically~*~*~ (stealth).
  5678 | D:6      | Found a hide-covered altar of Uskayaw.
  6159 | D:6      | Reached skill level 8 in Axes
  6341 | D:6      | 6341 ||| UPGRADING to +0 pair of gloves.
  6346 | D:6      | 6346 ||| READING scroll labelled DIRIRCHYUSUA.
  6346 | D:6      | Identified a scroll of acquirement
  6346 | D:6      | 6346 ||| ACQUIRING ring of Qurchyja {rF+ rC+ Int+2}
  6346 | D:6      | Acquired the ring of Qurchyja {rF+ rC+ Int+2}
  6348 | D:6      | 6348 ||| UPGRADING to ring of Qurchyja {rF+ rC+ Int+2}.
  6349 | D:6      | 6349 ||| READING scroll labelled ILAMME YBUM.
  6350 | D:6      | 6350 ||| READING scroll labelled GIWKEAB RIOWUB.
  6351 | D:6      | 6351 ||| READING 4 scrolls of identify.
  6351 | D:6      | 6351 ||| IDENTIFYING inky potion
  6352 | D:6      | 6352 ||| DROPPING potion of degeneration.
  6386 | D:7      | 6386 ||| Stepping ~*~*~tactically~*~*~ (hiding).
  6393 | D:7      | Reached skill level 6 in Fighting
  6393 | D:7      | Reached XP level 9. HP: 54/55 MP: 3/9
  6513 | D:7      | Found a snail-covered altar of Cheibriados.
  6521 | D:7      | 6521 ||| Stepping ~*~*~tactically~*~*~ (stealth).
  6548 | D:7      | 6548 ||| Stepping ~*~*~tactically~*~*~ (stealth).
  6555 | D:7      | Reached skill level 6 in Armour
  6997 | D:7      | Reached skill level 9 in Axes
  7015 | D:7      | Noticed a hornet
  7026 | D:7      | Killed a hornet
  7247 | D:7      | 7247 ||| Stepping ~*~*~tactically~*~*~ (stealth).
  7384 | D:7      | 7384 ||| DROPPING +0 morningstar.
  7697 | D:7      | Found a hazy altar of Hepliaklqana.
  8035 | D:7      | 8035 ||| DROPPING orb of guile.
  8036 | D:7      | 8036 ||| UPGRADING to amulet of guardian spirit.
  8041 | D:7      | 8041 ||| DRINKING 2 emerald potions.
  8100 | D:8      | Noticed Maggie
  8128 | D:8      | Killed Maggie
  8129 | D:8      | Reached XP level 10. HP: 54/63 MP: 2/10
  8187 | D:8      | 8187 ||| SWAPPING to +0 broad axe.
  8188 | D:8      | 8188 ||| DROPPING +2 antimagic war axe.
  8292 | D:8      | Noticed Grum
  8301 | D:8      | Reached skill level 10 in Axes
  8302 | D:8      | HP: 1/63 [Grum/-1 spear of distortion (19)]
  8303 | D:8      | 8303 ||| DRINKING 4 potions of heal wounds.
  8305 | D:8      | 8305 ||| DRINKING 3 potions of heal wounds.
  8306 | D:8      | Slain by Grum

Levels and vault maps discovered:
D:1:      dpeg_arrival_orchard, layout_basic, serial_shops, nicolae_square_shop,
          minmay_small_reverse_x
D:2:      cheibrodos_fertilizer, layout_basic, serial_forest,
          infiniplex_forest_lined_3, infiniplex_forest_corner_1,
          infiniplex_forest_clump_double, infiniplex_forest_clump_long,
          infiniplex_forest_clump_large, infiniplex_forest_straight_3,
          nicolae_ecumenical_snake_handling, uniq_natasha
D:3:      layout_loops_ring, uniq_terence
D:4:      layout_basic, nzn_overflow_gifts_of_might_and_magic,
          nicolae_ashenzari_skybound, kennysheep_dice, uniq_blork_the_orc,
          uniq_crazy_yiuf_cottage
D:5:      layout_rooms, mainiacjoe_overflow_paths, tso_metal_star,
          minmay_temple_entry_drinking_statues, st_stairs_14
D:6:      layout_cave_pools, nicolae_uskayaw_dance_studio, minivault_24,
          nicolae_zen_rock_garden
D:7:      layout_basic, mainiacjoe_overflow_brackets,
          worldfamousw_hep_ancestral_shrine, chequers_serial_rivers_small_3
D:8:      layout_basic, kennysheep_little_box, lemuel_round_altar,
          gammafunk_temple_overflow_elements, lair_entry_dummy,
          palyth_stone_intersect, uniq_joseph, uniq_pikel, uniq_erica,
          uniq_maggie, uniq_grum
Temple:   hellmonk_temple_beads

Skill      XL: |  1  2  3  4  5  6  7  8  9 10 |
---------------+-------------------------------+-----
Axes           | 2 3 4 5 6 7 8 9 10 | 10.0
Throwing       | 1 2 |  2.3
Dodging        | 1 |  1.6
Fighting       | 4 5 6 7 |  7.0
Armour         | 5 7 |  7.1
Shields        | 4 |  4.5

Action                   |  1- 3 |  4- 6 |  7- 9 | 10-12 || total
-------------------------+-------+-------+-------+-------++-------
Melee: War axe           |    66 |   215 |   277 |       ||   558
       Broad axe         |       |       |       |    12 ||    12
Throw: Boomerang         |    14 |    28 |    44 |       ||    86
       Javelin           |       |       |     8 |       ||     8
  Use: Scroll            |     3 |     5 |    11 |       ||    19
       Potion            |     2 |     3 |     3 |     2 ||    10
Armor: Scale mail        |    18 |       |       |       ||    18
       Chain mail        |    31 |   156 |    44 |       ||   231
       Plate armour      |       |       |   148 |    37 ||   185
Dodge: Dodged            |    28 |    60 |    92 |    11 ||   191
Block: Buckler           |    16 |    47 |    61 |     9 ||   133

Table legend:
 A = Non-vault XP
 B = Vault XP
 C = Vault XP percentage of total XP
 D = Non-vault monster count
 E = Vault monster count
 F = Vault count percentage of total count
                 A         B        C        D         E       F
            +---------+---------+-------+---------+---------+-------
      Total |    4001 |    1202 |  23.1 |     127 |      41 |  24.4
            +---------+---------+-------+---------+---------+-------
        D:1 |      28 |       6 |  17.6 |      17 |       4 |  19.0
        D:2 |     116 |     187 |  61.7 |      13 |      21 |  61.8
        D:3 |     203 |      36 |  15.1 |      27 |       1 |   3.6
        D:4 |     315 |     283 |  47.3 |      17 |       4 |  19.0
        D:5 |      54 |       0 |   0.0 |       4 |       0 |   0.0
        D:6 |     903 |     109 |  10.8 |      22 |       7 |  24.1
        D:7 |    2064 |       0 |   0.0 |      23 |       0 |   0.0
        D:8 |     318 |     581 |  64.6 |       4 |       4 |  50.0
            +---------+---------+-------+---------+---------+-------
